 Dungeon Sprint DCSS version 0.29.1-1-gd02db6906a (webtiles) character file.

Game seed: 13596794599039863552

438 Canard the Carver (level 6, -10/60 HPs)
             Began as a Minotaur Berserker on Oct 12, 2022.
             Was an Elder of Trog.
             Shot with a bolt by an orc warrior (12 damage)
             ... in the Dungeon (Sprint IX: "|||||||||||||||||||||||||||||").
             The game lasted 00:02:07 (239 turns).

Canard the Carver (Minotaur Berserker)               Turns: 239, Time: 00:02:08

Health: -10/60     AC:  4    Str: 23    XL:     6   Next: 69%
Magic:  5/5        EV: 10    Int: 10    God:    Trog [****..]
Gold:   0          SH:  0    Dex: 10    Spells: 5/5 levels left

rFire   . . .      SeeInvis .   l - +2 scimitar (holy)
rCold   . . .      Faith    .   (no shield)
rNeg    . . .      Spirit   .   n - +1 chain mail
rPois   .          Reflect  .   (helmet restricted)
rElec   .          Harm     .   m - +0 cloak
rCorr   .          Rampage  .   (no gloves)
Will    .....      NoTele   +   (no boots)
Stlth   ..........              (no amulet)
HPRegen 0.20/turn               o - +3 ring of intelligence
MPRegen 0.09/turn               p - +3 ring of intelligence

@: corroded, on berserk cooldown, slowed, very slow
A: horns 2, retaliatory headbutt
a: Renounce Religion, Berserk, Trog's Hand, Brothers in Arms


You were in the Dungeon.
You worshipped Trog.
Trog was greatly pleased with you.
You visited 1 branch

Inventory:

Hand Weapons
 a - a +0 falchion
 k - a +2 rapier of draining
 l - a +2 scimitar of holy wrath (weapon)
Armour
 b - a +0 animal skin
 m - a +0 cloak (worn)
 n - a +1 chain mail (worn)
Jewellery
 o - a +3 ring of intelligence (left hand)
 p - a +3 ring of intelligence (right hand)
Wands
 j - a wand of roots (10)
Scrolls
 h - 2 scrolls of blinking
Potions
 c - 5 potions of curing
 d - 3 potions of heal wounds
 e - a potion of haste
 f - 4 potions of magic
 g - a potion of berserk rage
 i - a potion of invisibility


   Skills:
 + Level 7.0 Fighting
 - Level 14.0 Long Blades
 + Level 6.4 Armour
 + Level 5.9 Dodging


You had 5 spell levels left.
You didn't know any spells.
Your spell library was empty.

Dungeon Overview and Level Annotations

Branches:
Dungeon (1/1)

Altars:
Cheibriados
Dithmenos
Elyvilon
Fedhas
Gozag
Hepliaklqana
Kikubaaqudgha
Makhleb
Nemelex Xobeh
Okawaru
Qazlal
Ru
Sif Muna
Trog
Uskayaw
Vehumet
Wu Jian
Xom
Yredelemnul
Zin
The Shining One
Jiyva
Lugonu


Innate Abilities, Weirdness & Mutations

You have a pair of horns on your head.
You reflexively headbutt those who attack you in melee.


Message History

You are too injured to fight recklessly!
You are too injured to fight recklessly!
You are too injured to fight recklessly!
You barely miss the acid dragon. You slash the acid dragon!
The acid dragon is heavily wounded.
The acid dragon barely misses you. You furiously retaliate!
You headbutt the acid dragon, but do no damage.
The acid dragon barely misses you.
The orc warrior hits you from afar with a +0 halberd.
You barely miss the acid dragon. Your headbutt misses the acid dragon.
The acid dragon is heavily wounded.
You barely miss the acid dragon. Your headbutt misses the acid dragon.
The acid dragon is heavily wounded.
You barely miss the acid dragon.
The acid dragon is heavily wounded.
The orc warrior hits you from afar with a +0 halberd!
* * * LOW HITPOINT WARNING * * *
The acid dragon closely misses you.
The acid dragon claws you but does no damage.
You hit the acid dragon.
The acid dragon is heavily wounded.
You closely miss the acid dragon.
The acid dragon is heavily wounded.
The acid dragon spits acid at you. The splash of acid hits you!!
* * * LOW HITPOINT WARNING * * *
The acid corrodes you! The orc warrior closely misses you.
Unknown command.
You hit the acid dragon. You headbutt the acid dragon!
The acid dragon is almost dead.
You slash the acid dragon!
You kill the acid dragon!
Trog accepts your kill.
You are no longer berserk.
You are exhausted.
You feel yourself slow down.
The orc warrior unwields a +0 halberd.
The orc warrior wields a +0 arbalest.
The orc warrior shoots a bolt.
The bolt hits you!
You die... ▓▓▓▓▓▓▓▓▓▓▓▓▓▓▓▓▓▓▓▓▓▓▓ _____'.?).[....)@.o{..+ ▓▓▓▓▓▓▓▓▓▓▓▓▓▓▓▓▓▓▓▓▓▓▓

You could see an orc warrior.

Vanquished Creatures
  A hornet (D)
  An acid dragon (D)
  An orc warrior (D)
  A centaur (D)
  An iguana (D)
  An orc wizard (D)
  A shadow imp (D)
  A dart slug (D)
  2 orcs (D)
  3 endoplasms (D)
  A hobgoblin (D)
14 creatures vanquished.

Notes
Turn   | Place    | Note
-------+----------+-------------------------------------------
     0 | D        | Canard the Minotaur Berserker began the quest for the Orb.
     0 | D        | Reached XP level 1. HP: 19/19 MP: 0/0
     6 | D        | Reached skill level 4 in Long Blades
     7 | D        | Reached skill level 5 in Long Blades
     9 | D        | Reached ** piety under Trog
    14 | D        | Reached skill level 6 in Long Blades
    14 | D        | Reached XP level 2. HP: 23/26 MP: 1/1
    51 | D        | Noticed a centaur
    58 | D        | Reached *** piety under Trog
    59 | D        | Reached skill level 7 in Long Blades
    63 | D        | Reached skill level 8 in Long Blades
    63 | D        | Reached XP level 3. HP: 26/31 MP: 2/2
    65 | D        | Reached skill level 9 in Long Blades
    66 | D        | Killed a centaur
    67 | D        | Reached skill level 12 in Long Blades
    67 | D        | Reached XP level 4. HP: 27/39 MP: 3/3
    96 | D        | Found a snail-covered altar of Cheibriados.
    96 | D        | Found a shadowy altar of Dithmenos.
    96 | D        | Found a white marble altar of Elyvilon.
    96 | D        | Found a blossoming altar of Fedhas.
    96 | D        | Found an opulent altar of Gozag.
    97 | D        | Found a hazy altar of Hepliaklqana.
    98 | D        | Found a viscous altar of Jiyva.
    99 | D        | Found an ancient bone altar of Kikubaaqudgha.
   100 | D        | Found a corrupted altar of Lugonu.
   101 | D        | Found a burning altar of Makhleb.
   102 | D        | Found a sparkling altar of Nemelex Xobeh.
   103 | D        | Found an iron altar of Okawaru.
   104 | D        | Found a stormy altar of Qazlal.
   105 | D        | Found a sacrificial altar of Ru.
   106 | D        | Found a shimmering blue altar of Sif Muna.
   107 | D        | Found a bloodstained altar of Trog.
   108 | D        | Found a hide-covered altar of Uskayaw.
   109 | D        | Found a radiant altar of Vehumet.
   110 | D        | Found an ornate altar of the Wu Jian Council.
   111 | D        | Found a shimmering altar of Xom.
   112 | D        | Found a basalt altar of Yredelemnul.
   113 | D        | Found a glowing silver altar of Zin.
   114 | D        | Found a glowing golden altar of the Shining One.
   215 | D        | Noticed an orc warrior
   215 | D        | Noticed a hornet
   215 | D        | Noticed an acid dragon
   215 | D        | Noticed an orc warrior
   221 | D        | Killed an orc warrior
   221 | D        | Reached **** piety under Trog
   222 | D        | Reached skill level 14 in Long Blades
   222 | D        | Reached XP level 5. HP: 46/46 MP: 4/4
   225 | D        | Killed a hornet
   226 | D        | Reached skill level 5 in Dodging
   226 | D        | Reached XP level 6. HP: 56/58 MP: 5/5
   237 | D        | HP: 3/90 [acid dragon/splash of acid (24)]
   239 | D        | Killed an acid dragon
   239 | D        | Shot with a bolt by an orc warrior

Illustrated notes

Levels and vault maps discovered:
D:        linesprint [early_d, line_temple, items_1, d_10, items_2, lair_1,
          lair_end, items_3, orc_1, orc_end, items_4, d_15, swamp_1, shoals_1,
          snake_1, spider_1, d_20, vaults_1, items_5, swamp_end, shoals_end,
          snake_end, spider_end, vaults_end, d_27, items_6, zot_1, zot_end,
          crypt_end, forest_end, elf_end, slime_end, tomb_end, abyss_end,
          pan_hell_end]

Skill      XL: |  1  2  3  4  5  6 |
---------------+-------------------+-----
Long Blades    | 6 8 12 14 | 14.0
Fighting       | 6 7 |  7.0
Armour         | 6 |  6.4
Dodging        | 5 |  5.9

Action                   |  1- 3 |  4- 6 || total
-------------------------+-------+-------++-------
Melee: Falchion          |    20 |       ||    20
       Headbutt          |     4 |     6 ||    10
       Scimitar          |       |    21 ||    21
Invok: Berserk           |     1 |     1 ||     2
Armor: Animal skin       |     1 |       ||     1
       Chain mail        |       |     5 ||     5
Dodge: Dodged            |     7 |     9 ||    16
